 Dungeon Crawl Stone Soup version 0.29-a0-338-g1ff7896281 (webtiles) character file.

Game seed: 6337976033866569743

702 Agony the Ruffian (level 7, -1/61 HPs)
             Began as a Ghoul Monk on Apr 18, 2022.
             Was a Believer of Okawaru.
             Slain by LetschGu's ghost (4 damage)
             ... on level 6 of the Dungeon.
             The game lasted 00:22:48 (6117 turns).

Agony the Ruffian (Ghoul Monk)                      Turns: 6117, Time: 00:22:48

Health: -1/61      AC:  3    Str: 17    XL:     7   Next: 66%
Magic:  15/15      EV: 13    Int:  5    God:    Okawaru [**....]
Gold:   270        SH:  0    Dex: 11    Spells: 6/6 levels left

rFire   . . .      SeeInvis .     - Unarmed
rCold   + . .      Faith    .   (no shield)
rNeg    + + +      Spirit   .   a - +1 robe
rPois   ∞          Reflect  .   (no helmet)
rElec   .          Harm     .   (no cloak)
rCorr   .          Rampage  .   (no gloves)
Will    .....                   (no boots)
Stlth   +++.......              (no amulet)
HPRegen 0.00/turn               c - ring of magical power
MPRegen 0.14/turn               q - +4 ring of slaying

@: mighty, inhibited regen
A: claws 1, cold resistance 1, negative energy resistance 3, inhibited
regeneration, torment resistance 2, devour on kill
a: Renounce Religion, Heroism


You were on level 6 of the Dungeon.
You worshipped Okawaru.
Okawaru was pleased with you.
You visited 2 branches of the dungeon, and saw 7 of its levels.

You collected 270 gold pieces.

Inventory:

Missiles
 l - 6 poisoned darts
 m - 8 boomerangs (quivered)
Armour
 a - a +1 robe (worn)
Magical Staves
 i - a staff of earth
Jewellery
 c - a ring of magical power (left claw)
 q - a +4 ring of slaying (right claw)
Scrolls
 e - a scroll of enchant armour
 g - a scroll of magic mapping
 o - a scroll of identify
Potions
 b - 2 potions of ambrosia
 d - 4 potions of curing
 f - 2 potions of degeneration
 h - 3 potions of flight
 j - a potion of magic
 k - 2 potions of haste {unknown}
 n - a potion of mutation {unknown}
 p - a potion of attraction {unknown}


   Skills:
 + Level 5.2 Fighting
 + Level 4.3 Dodging
 + Level 4.8 Stealth
 * Level 6.4 Unarmed Combat


You had 6 spell levels left.
You didn't know any spells.
Your spell library contained the following spells:

 Spells                   Type           Power      Damage    Failure   Level
 Shock                    Conj/Air       0%         1d3       47%         1
 Swiftness                Air            0%         N/A       85%         3
 Airstrike                Air            0%         N/A       99%         4
 Borgnjor's Vile Clutch   Necr/Erth      0%         N/A       100%        5
 Animate Dead             Necr           Unusable   N/A       N/A         4
 Death Channel            Necr           Unusable   N/A       N/A         6

Dungeon Overview and Level Annotations

Branches:
Dungeon (6/15)             Temple (1/1) D:4

Altars:
Ashenzari
Dithmenos
Elyvilon
Fedhas
Hepliaklqana
Kikubaaqudgha
Makhleb
Nemelex Xobeh
Okawaru
Qazlal
Trog
Vehumet
Xom
Yredelemnul
Zin
The Shining One

Annotations:
D:5 Prince Ribbit
D:6 LetschGu's ghost, novice DsAK


Innate Abilities, Weirdness & Mutations

You are immune to poison.
You have sharp fingernails.
Your flesh is cold resistant. (rC+)
You are immune to negative energy. (rN+++)
You do not regenerate when monsters are visible.
You are immune to unholy pain and torment.
You thrive by killing the living.


Message History

LetschGu's ghost is lightly damaged.
LetschGu's ghost misses you.
You claw LetschGu's ghost!
LetschGu's ghost is lightly damaged.
LetschGu's ghost hits you.
* * * LOW HITPOINT WARNING * * *
You barely miss LetschGu's ghost.
LetschGu's ghost is lightly damaged.
LetschGu's ghost hits you.
* * * LOW HITPOINT WARNING * * *
You mangle LetschGu's ghost!!
LetschGu's ghost is heavily damaged.
LetschGu's ghost hits you.
* * * LOW HITPOINT WARNING * * *
You closely miss LetschGu's ghost.
LetschGu's ghost is heavily damaged.
You barely miss LetschGu's ghost.
LetschGu's ghost is heavily damaged.
LetschGu's ghost closely misses you.
You miss LetschGu's ghost.
LetschGu's ghost is heavily damaged.
LetschGu's ghost hits you.
* * * LOW HITPOINT WARNING * * *
You miss LetschGu's ghost.
LetschGu's ghost is heavily damaged.
LetschGu's ghost says, "This is what relying on the gods got me."
LetschGu's ghost barely misses you.
You closely miss LetschGu's ghost.
LetschGu's ghost is heavily damaged.
LetschGu's ghost hits you but does no damage.
You completely miss LetschGu's ghost.
LetschGu's ghost is heavily damaged.
LetschGu's ghost hits you but does no damage.
You completely miss LetschGu's ghost.
LetschGu's ghost is heavily damaged.
LetschGu's ghost barely misses you.
You completely miss LetschGu's ghost.
LetschGu's ghost is heavily damaged.
LetschGu's ghost hits you.
You die...

.................,,,,,,,,,*,,,,,,
#########'###+#######*+**********
....................#,,,*,,,,,,,,
....................#,,,+,,,,,,,,
....................#,,,*,,,,,,,,
.............###....#,,,*,,,,,,,,
.............#≈#....#,,,*,,,,,,,,
.............#=#....#,,,*,,,,,,,,
.......>.....#≈#@...#+###,,,,,,,,
...###########≈#W........,,,,,*+*
...#,,,,#..,##≈#.........,,,,,*,,
.<.#,,,,#...##≈#.........,,,,,*,,
...#,,,,#..§§#§#§........,,,,,*,,
...#,,,,#..§§§§.§§.......,,,,,*,,
...#,,,,#..§+§§.§........,,,,,*,,
...#,,,,#..,#§..§.[......,,,,,*,,
...#**+**#**#...........$,,,,,***


You could see LetschGu's ghost.

Vanquished Creatures
  An ogre (D:5)
  3 bullfrogs (D:6)
  A scorpion (D:4)
  2 hounds
  3 orc priests
  An iguana (D:4)
  An orc wizard (D:4)
  3 adders
  4 gnolls (D:3)
  A white imp (D:4)
  2 worms
  2 dart slugs (D:1)
  21 orcs
  4 ball pythons
  3 bats
  6 endoplasms
  A giant cockroach (D:4)
  3 hobgoblins
  2 quokkas (D:1)
  4 frilled lizards
  4 goblins
  3 kobolds
  3 rats
78 creatures vanquished.

Vanquished Creatures (others)
  An orc wizard (D:4)
1 creature vanquished.

Grand Total: 79 creatures vanquished

Notes
Turn   | Place    | Note
-------+----------+-------------------------------------------
     0 | D:1      | Agony the Ghoul Monk began the quest for the Orb.
     0 | D:1      | Reached XP level 1. HP: 19/19 MP: 0/0
   285 | D:1      | Found a faded altar of an unknown god.
   304 | D:1      | Reached XP level 2. HP: 26/26 MP: 1/1
  1204 | D:2      | Reached XP level 3. HP: 30/31 MP: 2/2
  1328 | D:2      | You fall into a shaft and drop 1 floor!
  1374 | D:2      | Found a sparkling altar of Nemelex Xobeh.
  1754 | D:3      | Reached skill level 4 in Unarmed Combat
  1754 | D:3      | Reached XP level 4. HP: 28/40 MP: 3/3
  1887 | D:3      | HP: 1/40 [gnoll/+0 spear (5)]
  2616 | D:3      | Reached XP level 5. HP: 39/46 MP: 4/4
  2962 | D:4      | Reached skill level 5 in Unarmed Combat
  2995 | D:4      | Reached XP level 6. HP: 38/53 MP: 5/5
  4415 | D:4      | Found a staircase to the Ecumenical Temple.
  4421 | Temple   | Entered the Ecumenical Temple
  4606 | D:5      | Entered Level 5 of the Dungeon
  4856 | D:5      | Noticed Prince Ribbit
  5573 | D:5      | Reached XP level 7. HP: 47/60 MP: 6/6
  5636 | Temple   | Became a worshipper of Warmaster Okawaru
  5636 | Temple   | Reached * piety under Okawaru
  5636 | Temple   | Reached ** piety under Okawaru
  6010 | D:6      | Reached skill level 5 in Fighting
  6010 | D:6      | Reached skill level 6 in Unarmed Combat
  6056 | D:6      | Found a runed translucent door.
  6063 | D:6      | Noticed LetschGu's ghost (novice DsAK)
  6112 | D:6      | HP: 3/61 [LetschGu's ghost (1)]
  6117 | D:6      | Slain by LetschGu's ghost

Illustrated notes

Levels and vault maps discovered:
D:1:      scummos_arrival_checkerplants, layout_loops_ring,
          shapermc_ecumenical_altar_starsandcircs, roderic_lattice_a
D:2:      layout_rooms, basic_altar
D:3:      layout_basic
D:4:      nicolae_BIG_FREAKIN_CUBE, layout_loops_ring, temple_statues
D:5:      layout_basic, nicolae_figureground_pulse, uniq_prince_ribbit1,
          uniq_sigmund
D:6:      layout_gridville, ebering_ghost_sewer_d
Temple:   lightli_temple_of_artemis

Skill      XL: |  1  2  3  4  5  6  7 |
---------------+----------------------+-----
Dodging        | 3 4 |  4.3
Stealth        | 3 4 |  4.8
Unarmed Combat | 4 5 6 |  6.4
Fighting       | 4 5 |  5.2

Action                   |  1- 3 |  4- 6 |  7- 9 || total
-------------------------+-------+-------+-------++-------
Melee: Unarmed           |    74 |   215 |    63 ||   352
       Punch             |     6 |     2 |       ||     8
Invok: Heroism           |       |       |     1 ||     1
  Use: Scroll            |     6 |     6 |     2 ||    14
       Potion            |       |       |     1 ||     1
 Stab: Sleeping          |     7 |     4 |     1 ||    12
Armor: Robe              |     8 |    26 |    10 ||    44
Dodge: Dodged            |    29 |   110 |    32 ||   171

Table legend: (Time is in decaauts)
 A = Elapsed time spent in this place.
 B = Non-inter-level travel time spent in this place.
 C = Inter-level travel time spent in this place.
 D = Time resting spent in this place.
 E = Time spent auto-exploring this place.
 F = Levels seen in this place.
 G = Mean time per level.
                   A        B        C        D        E       F      G
               +--------+--------+--------+--------+--------+-----+--------+
         Total |   6090 |   5877 |    213 |   1565 |   2556 |   7 |  870.0 |
       Dungeon |   5989 |   5780 |    209 |   1565 |   2556 |   6 |  998.2 |
        Temple |    101 |     97 |      4 |      0 |      0 |   1 |  101.0 |
               +--------+--------+--------+--------+--------+-----+--------+

Top non-repeatable levels by time:
     D:4: 1920 daAuts
     D:3: 1529 daAuts
     D:1: 1082 daAuts
     D:5: 869 daAuts
     D:2: 452 daAuts
     D:6: 134 daAuts
  Temple: 101 daAuts
